AoeStats
← Clueless Clown

Socotra

504392979Analyzed
4v4 RM · 27d ago on Sep 5, 2026· 26m 47s· 8 players
Game mode
Random Map
Map size
148×148
Population
200
Speed
Normal
Resources
Standard
Victory
Conquest
Starting age
Dark Age
Ending age
Imperial Age
RankedLock teamsTeams togetherTeam positionsShared explorationLock speedFull tech treeHidden civsTurbo modeCheats
Victory
Defeat
🇦🇺 Koreans · Australia
1043
+16
🇺🇸 Goths · United States
1028
+17
🇨🇦 Vietnamese · Canada
1024
+17
🇨🇦 Huns · Canada
1021
+31
🇨🇱 Malians · Chile
1157
-21
🇪🇸 Poles · Spain
1038
-16
🇨🇱 Burmese · Chile
1004
-15
🇺🇸 Koreans · United States
998
-15
Defenestrator
10:09 Loom
12:52 Feudal Age
13:23 Double-Bit Axe
15:18 Horse Collar
16:40 Fletching
Bamboozlator
6:59 Loom
10:06 Feudal Age
10:56 Double-Bit Axe
17:51 Horse Collar
23:16 Wheelbarrow
27:03 Castle Age
26:33 Fletching
bvinh6112
7:46 Loom
9:46 Feudal Age
16:39 Castle Age
14:59 Double-Bit Axe
15:36 Horse Collar
17:27 Gold Mining
17:51 Bow Saw
17:48 Heavy Plow
20:29 Wheelbarrow
20:37 Scale Barding Armor
24:47 Hand Cart
26:53 Forging
26:35 Gold Mining
27:28 Bloodlines
27:18 Husbandry
Rugs
5:42 Loom
6:21 Loom
10:21 Feudal Age
22:41 Castle Age
20:38 Double-Bit Axe
21:50 Fletching
23:02 Padded Archer Armor
24:39 Elite Skirmisher
Clueless Clown
7:20 Loom
10:07 Feudal Age
11:30 Double-Bit Axe
12:15 Fletching
13:03 Horse Collar
23:32 Castle Age
21:38 Gold Mining
21:38 Stone Mining
24:15 Bodkin Arrow
25:11 Bow Saw
25:54 Ballistics
MIRMIDOR
0:26 Loom
11:52 Feudal Age
20:01 Castle Age
18:51 Bloodlines
18:30 Horse Collar
19:52 Double-Bit Axe
20:48 Forging
23:33 Husbandry
Arkh
4:21 Loom
12:45 Feudal Age
13:18 Double-Bit Axe
13:17 Horse Collar
18:43 Scale Barding Armor
22:48 Forging
24:15 Bloodlines
milo
0:49 Loom
13:51 Feudal Age
14:54 Man-at-Arms
Connection lost

Rejoining the realm…

Still unreachable

The connection could not be restored.

Session expired

The server has moved on; the page needs a fresh start.